 Dungeon Crawl Stone Soup version 0.22.1-2-g9c5b331 (webtiles) character file.

7570 nicolaieve the Basher (level 10, -6/95 HPs)
             Began as a Minotaur Berserker on Nov 16, 2018.
             Was a High Priest of Trog.
             Succumbed to Sonja's curare-tipped needle
             ... on level 9 of the Dungeon.
             The game lasted 00:31:22 (6693 turns).

nicolaieve the Basher (Minotaur Berserker)          Turns: 6693, Time: 00:31:22

Health: -6/95      AC: 18    Str: 22    XL:     10   Next: 97%
Magic:  9/9        EV:  9    Int:  4    God:    Trog [*****.]
Gold:   432        SH:  0    Dex: 13    Spells: 9/9 levels left

rFire    . . .     SeeInvis .   H - +2 flail (protect)
rCold    . . .     Gourm    .   (no shield)
rNeg     . . .     Faith    .   x - +0 plate armour
rPois    .         Spirit   .   B - +2 hat {MR+}
rElec    .         Reflect  .   (no cloak)
rCorr    .         Harm     .   r - +0 pair of gloves
MR       +....                  (no boots)
Stlth    ..........             (no amulet)
HPRegen  0.25/turn              j - ring of stealth
MPRegen  0.11/turn              E - +1 ring of evasion

@: lethally poisoned (-6 -> -58), slowed, very slow
A: retaliatory headbutt, horns 2
a: Berserk, Trog's Hand, Brothers in Arms, Renounce Religion


You were on level 9 of the Dungeon.
You worshipped Trog.
Trog was extremely pleased with you.
You were not hungry.

You visited 1 branch of the dungeon, and saw 10 of its levels.

You collected 432 gold pieces.

Inventory:

Hand Weapons
 t - a +0 hunting sling
 H - a +2 flail of protection (weapon)
Missiles
 k - 177 stones (quivered)
 n - 64 sling bullets
Armour
 r - a +0 pair of gloves (worn)
 x - a +0 plate armour (worn)
 B - a +2 hat of magic resistance (worn)
Jewellery
 j - a ring of stealth (left hand)
 C - an uncursed ring of fire
 E - a +1 ring of evasion (right hand)
Wands
 v - a wand of polymorph (11)
 A - a wand of paralysis (21)
Scrolls
 a - 7 scrolls of remove curse
 e - 2 scrolls of enchant weapon {unknown}
 f - 3 scrolls of teleportation {unknown}
 g - 2 scrolls of enchant armour {unknown}
 m - 2 scrolls of immolation {unknown}
 o - 2 scrolls of random uselessness {unknown}
 p - a scroll of fear {unknown}
 q - 3 scrolls of amnesia {unknown}
 s - 2 scrolls of identify
 y - a scroll of noise {unknown}
 z - a scroll of blinking
Potions
 b - a potion of lignification
 d - 3 potions of haste
 h - 3 potions of heal wounds
 i - 7 potions of curing
 l - 2 potions of experience {unknown}
 u - a potion of mutation
 w - a potion of might
 D - a potion of brilliance
Comestibles
 c - 10 rations
 F - 4 chunks of flesh


   Skills:
 + Level 11.1 Fighting
 * Level 13.0 Maces & Flails
 + Level 11.4 Armour
 - Level 2.3 Dodging


You had 9 spell levels left.
You didn't know any spells.
Your spell library was empty.

Dungeon Overview and Level Annotations

Branches:
Dungeon (10/15)            Temple (0/1) D:4            Lair (0/6) D:9
    Orc: D:9-12

Altars:
Ashenzari
Dithmenos
Hepliaklqana
Sif Muna
Yredelemnul
Zin
The Shining One

Shops:
D:7 (   D:8 [

Annotations:
D:10 Sonja


Innate Abilities, Weirdness & Mutations

You reflexively headbutt those who attack you in melee.
You have a pair of horns on your head.


Message History

* * * LOW HITPOINT WARNING * * *
You feel extremely sick.
Sonja shoots a curare-tipped needle.
The curare-tipped needle hits you.
You are more poisoned.
You have difficulty breathing.
* * * LOW HITPOINT WARNING * * *
You feel as though you will be slow longer.
You see here a curare-tipped needle.
Unknown command.
Unknown command.
Unknown command.
* * * LOW HITPOINT WARNING * * *
You feel extremely sick.
There is a stone staircase leading up here.
* * * LOW HITPOINT WARNING * * *
You feel extremely sick.
Sonja casts a spell.
Sonja blinks!
You climb upwards.
You die...

###############
#.............#
#.###########.#### #.#
#.......# #.# #......@# #.#
####.......######
#.#####...............##
#.......##.......#..##.##
...#######........#.###.#
...# #...........##.#
...##########..##.#..##.#
...............###.<#..#####
.#.####.######.#
#.###.....##


There were no monsters in sight!

Vanquished Creatures
  A hydra (D:9)
  A two-headed ogre (D:9)
  2 manticores (D:9)
  A queen bee (D:8)
  A troll (D:9)
  Sigmund (D:3)
  A hungry ghost (D:8)
  2 black bears
  A water moccasin (D:8)
  4 orc warriors
  An ice beast (D:6)
  A sky beast (D:9)
  2 phantoms
  3 centaurs
  A crocodile (D:9)
  A big kobold (D:8)
  Blork the orc (D:4)
  7 bullfrogs
  A wyvern skeleton (D:9)
  2 water moccasin skeletons
  13 killer bees (D:8)
  5 scorpions
  3 howler monkeys
  5 wights (D:7)
  2 centaur zombies
  8 crimson imps
  A quasit (D:9)
  A bullfrog skeleton (D:9)
  8 orc priests
  A gnoll shaman (D:6)
  5 hounds
  2 jellies
  7 orc wizards
  An iguana (D:5)
  A killer bee zombie (D:6)
  6 worker ants
  A hound skeleton (D:9)
  2 worker ant zombies
  7 gnolls
  A howler monkey skeleton (D:10)
  11 adders
  A shadow imp (D:5)
  An ooze (D:6)
  2 adder skeletons
  An adder zombie (D:5)
  A worm (D:3)
  7 dart slugs
  6 leopard geckos
  44 orcs
  8 bats
  4 giant cockroaches
  9 goblins
  9 hobgoblins
  7 jackals (D:3)
  10 quokkas
  A ball python (D:2)
  8 frilled lizards
  A jackal skeleton (D:5)
  14 kobolds
  A leopard gecko skeleton (D:4)
  A leopard gecko zombie (D:7)
  3 rats
  A plant (D:9)
266 creatures vanquished.

Vanquished Creatures (others)
  6 fungi (D:9)
  2 plants (D:9)
8 creatures vanquished.

Grand Total: 274 creatures vanquished

Notes
Turn   | Place    | Note
-------+----------+-------------------------------------------
     0 | D:1      | nicolaieve the Minotaur Berserker began the quest for the
                  | Orb.
     0 | D:1      | Reached XP level 1. HP: 19/19 MP: 0/0
   138 | D:1      | Reached skill level 4 in Maces & Flails
   138 | D:1      | Reached XP level 2. HP: 27/27 MP: 1/1
   673 | D:2      | Reached XP level 3. HP: 33/33 MP: 2/2
   706 | D:2      | Reached ** piety under Trog
   775 | D:2      | Reached skill level 5 in Maces & Flails
   937 | D:2      | Reached XP level 4. HP: 14/40 MP: 3/3
   939 | D:2      | HP: 1/60 [gnoll/spear (5)]
  1296 | D:2      | Reached skill level 6 in Maces & Flails
  1438 | D:3      | Reached XP level 5. HP: 22/46 MP: 4/4
  1446 | D:3      | Reached skill level 7 in Maces & Flails
  1494 | D:3      | Noticed Sigmund
  1511 | D:3      | Killed Sigmund
  1511 | D:3      | Reached skill level 8 in Maces & Flails
  1511 | D:3      | Reached XP level 6. HP: 30/52 MP: 5/5
  1557 | D:3      | Reached *** piety under Trog
  2034 | D:3      | Reached skill level 9 in Maces & Flails
  2078 | D:3      | Found a glowing silver altar of Zin.
  2306 | D:4      | Noticed Blork the orc
  2314 | D:4      | Killed Blork the orc
  2314 | D:4      | Reached XP level 7. HP: 35/59 MP: 6/6
  2480 | D:4      | Reached skill level 10 in Maces & Flails
  2651 | D:4      | Found a staircase to the Ecumenical Temple.
  2842 | D:4      | Reached **** piety under Trog
  2897 | D:5      | Entered Level 5 of the Dungeon
  3032 | D:5      | Found a deep blue altar of Sif Muna.
  3083 | D:5      | Reached XP level 8. HP: 65/67 MP: 7/7
  3172 | D:5      | Reached skill level 11 in Maces & Flails
  3835 | D:6      | Reached skill level 12 in Maces & Flails
  4201 | D:7      | Reached skill level 5 in Fighting
  4201 | D:7      | Reached skill level 5 in Armour
  4491 | D:7      | Reached XP level 9. HP: 71/75 MP: 8/8
  4568 | D:7      | Found a shattered altar of Ashenzari.
  4568 | D:7      | Found a glowing golden altar of the Shining One.
  4674 | D:7      | Found Ewihym's Weapon Shoppe.
  4806 | D:7      | Reached ***** piety under Trog
  5572 | D:8      | Found Toeh's Armour Emporium.
  5610 | D:8      | Found a basalt altar of Yredelemnul.
  5689 | D:8      | Noticed a queen bee
  5697 | D:8      | Killed a queen bee
  5697 | D:8      | Reached XP level 10. HP: 91/91 MP: 9/9
  5848 | D:9      | Reached skill level 10 in Armour
  6057 | D:9      | Received a gift from Trog
  6116 | D:9      | Found a staircase to the Lair.
  6162 | D:9      | Noticed a manticore
  6176 | D:9      | Killed a manticore
  6176 | D:9      | Reached skill level 10 in Fighting
  6182 | D:9      | Noticed a manticore
  6188 | D:9      | Killed a manticore
  6192 | D:9      | Noticed a five-headed hydra
  6200 | D:9      | Killed a five-headed hydra
  6260 | D:9      | Noticed a two-headed ogre
  6268 | D:9      | Killed a two-headed ogre
  6440 | D:9      | Reached skill level 13 in Maces & Flails
  6441 | D:9      | Found a hazy altar of Hepliaklqana.
  6444 | D:9      | Found a basalt altar of Yredelemnul.
  6445 | D:9      | Found a shadowy altar of Dithmenos.
  6682 | D:10     | Entered Level 10 of the Dungeon
  6685 | D:10     | Noticed Sonja
  6692 | D:10     | HP: 3/95 [poisoned by Sonja (curare-tipped needle)]
  6693 | D:9      | Succumbed to Sonja's curare-tipped needle

Skill      XL: |  1  2  3  4  5  6  7  8  9 10 |
---------------+-------------------------------+-----
Maces & Flails | 4 5 6 8 9 10 12 13 | 13.0
Fighting       | 4 6 9 11 | 11.1
Armour         | 3 6 9 11 | 11.4
Dodging        | |  2.3

Action                   |  1- 3 |  4- 6 |  7- 9 | 10-12 || total
-------------------------+-------+-------+-------+-------++-------
Melee: Mace              |    38 |       |       |       ||    38
       Whip              |    34 |   160 |   546 |    78 ||   818
       Headbutt          |    11 |    29 |   109 |    54 ||   203
       Flail             |       |       |       |   102 ||   102
Invok: Berserk           |     2 |     4 |     7 |     2 ||    15
       Trog's Hand       |       |     1 |     5 |     2 ||     8
  Use: Scroll            |       |       |     6 |     2 ||     8
 Stab: Sleeping          |     2 |       |       |       ||     2
  Eat: Chunk             |     1 |     8 |    14 |     4 ||    27
       Ration            |       |     1 |     1 |     1 ||     3
Armor: Animal skin       |     7 |       |       |       ||     7
       Scale mail        |       |    47 |       |       ||    47
       Chain mail        |       |    34 |       |       ||    34
       Plate armour      |       |       |   227 |   105 ||   332
Dodge: Dodged            |    44 |    76 |   141 |    75 ||   336
